 Dungeon Crawl Stone Soup version 0.31-a0-183-g4352c244c2 (webtiles) character file.

Game seed: 1933844020394232614

123 Hajna the Chopper (level 5, -2/46 HPs)
             Began as a Hill Orc Fighter on June 22, 2023.
             Was an Initiate of Beogh.
             Slain by a gnoll
             ... wielding a +0 flail
             ... led by a gnoll bouda
              (5 damage)
             ... on level 4 of the Dungeon.
             The game lasted 00:03:40 (1567 turns).

Hajna the Chopper (Hill Orc Fighter)                Turns: 1567, Time: 00:03:41

Health: -2/46      AC: 11    Str: 21    XL:     5   Next: 7%
Magic:  5/5        EV:  9    Int:  8    God:    Beogh [......]
Gold:   63         SH:  4    Dex: 10    Spells: 4/4 levels left

rFire   x . .        a - +0 war axe
rCold   + . .        c - +0 buckler
rNeg    . . .        b - +0 scale mail
rPois   .            (no helmet)
rElec   .            (no cloak)
rCorr   .            (no gloves)
SInv    .            (no boots)
Will    .....        (no amulet) Stlth
                     r - +4 ring of protection
HPRegen 0.27/turn    t - ring of ice
MPRegen 0.09/turn

%: no passive effects
@: mighty
A: no striking features
a: Renounce Religion


You were on level 4 of the Dungeon.
You worshipped Beogh.
Beogh was noncommittal.
You visited 1 branch of the dungeon, and saw 4 of its levels.

You collected 63 gold pieces.

Inventory:

Hand Weapons
 a - a +0 war axe (weapon)
 s - a +0 battleaxe
Missiles
 j - 8 poisoned darts (quivered)
Armour
 b - a +0 scale mail (worn)
 c - a +0 buckler (worn)
Jewellery
 r - a +4 ring of protection (left hand)
 t - a ring of ice (right hand)
Scrolls
 e - a scroll of torment {unknown}
 f - a scroll of vulnerability {unknown}
 g - a scroll of fog {unknown}
 h - a scroll of brand weapon {unknown}
 i - 5 scrolls of identify {unknown}
 k - a scroll of poison {unknown}
 n - a scroll of enchant weapon {unknown}
Potions
 l - a potion of curing {unknown}
 m - 2 potions of heal wounds {unknown}
 o - a potion of resistance {unknown}
 p - a potion of haste {unknown}
 q - a potion of ambrosia {unknown}


   Skills:
 + Level 4.2 Fighting
 + Level 4.9 Axes
 + Level 4.0 Armour
 + Level 0.4 Dodging
 + Level 0.2 Stealth
 + Level 3.7 Shields


You had 4 spell levels left.
You didn't know any spells.
Your spell library contained the following spells:

 Spells                   Type           Power      Damage    Failure   Level
 Summon Small Mammal      Summ           0%         N/A       80%         1
 Call Canine Familiar     Summ           0%         N/A       99%         3
 Summon Guardian Golem    Hex/Summ       0%         N/A       99%         3
 Manifold Assault         Tloc           0%         N/A       100%        4
 Dispersal                Tloc           0%         N/A       100%        6
 Disjunction              Tloc           0%         N/A       100%        8


Dungeon Overview and Level Annotations

Branches:
Dungeon (4/15)
 Temple: D:4-7

Altars:
Dithmenos
Fedhas
Okawaru
Sif Muna
Vehumet

Shops:
D:2 ((::[


Message History

You block the gnoll's attack.
You hit the gnoll.
The gnoll is heavily wounded.
You barely miss the gnoll bouda. You block the gnoll's attack.
The gnoll bouda gazes fiercely through you!
You feel your attacks grow feeble.
The gnoll bouda hits you but does no damage.
You block the gnoll's attack. The gnoll hits you with a +0 flail!
You hit the gnoll but do no damage.
The gnoll is heavily wounded.
You hit the gnoll bouda.
The gnoll bouda hits you with a +0 club!
The gnoll hits you from afar with a +0 spear!
The gnoll closely misses you.
The gnoll hits you from afar with a +0 spear.
You block the gnoll bouda's attack.
You feel very mighty all of a sudden. You block the gnoll's attack.
The gnoll hits you but does no damage. x2
The gnoll misses you.
The gnoll bouda hits you but does no damage.
You closely miss the gnoll bouda.
The gnoll bouda is lightly wounded.
You barely miss the gnoll. x2; You slash the gnoll!
You kill the gnoll!
Beogh accepts your kill. You block the gnoll's attack.
The gnoll barely misses you. x2
The gnoll closely misses you.
The gnoll bouda hits you with a +0 club.
* * * LOW HITPOINT WARNING * * *
The gnoll misses you. The gnoll closely misses you.
You have reached level 5!
You feel stronger.
You closely miss the gnoll bouda. You closely miss the gnoll.
You slash the gnoll!
Your attacks no longer feel as feeble.
You block the gnoll's attack. x2
The gnoll bouda hits you with a +0 club!
* * * LOW HITPOINT WARNING * * *
The gnoll hits you but does no damage. The gnoll hits you with a +0 flail.
You die...

........##
.........#
#........#
#........##
#.........#
#..g.g..#
#..)...#
#..g@g.#
#..g...##
##.......#
#.......##
#.......#
#......##
#.....##
##..<.##
#...###


You could see a gnoll bouda and 4 gnolls.

Vanquished Creatures
  An iguana (D:3)
  A gnoll (D:4)
  3 adders (D:2)
  A worm (D:2)
  A dart slug (D:2)
  6 ball pythons
  6 endoplasms
  4 goblins
  6 hobgoblins
  2 jackals (D:2)
  3 quokkas
  5 bats
  5 frilled lizards
  7 kobolds
  8 rats
59 creatures vanquished.

Vanquished Creatures (others)
  A rat (D:3)
1 creature vanquished.

Grand Total: 60 creatures vanquished

Notes
Turn   | Place    | Note
-------+----------+-------------------------------------------
     0 | D:1      | Hajna the Hill Orc Fighter began the quest for the Orb.
     0 | D:1      | Reached XP level 1. HP: 19/19 MP: 1/1
   263 | D:1      | Reached XP level 2. HP: 27/27 MP: 2/2
   543 | D:2      | Reached XP level 3. HP: 31/33 MP: 3/3
   551 | D:2      | Found Cirelic's Weapon Emporium.
   658 | D:2      | Found Ynolievva's Book Shoppe.
   693 | D:2      | Found Vufe's Book Boutique.
   758 | D:2      | Reached XP level 4. HP: 34/40 MP: 4/4
   779 | D:2      | Found Yhojiek's Armour Shoppe.
   910 | D:2      | Found Lyazepha's Weapon Boutique.
  1040 | D:2      | Found a faded altar of an unknown god.
  1105 | D:3      | Found a radiant altar of Vehumet.
  1144 | D:3      | Found an iron altar of Okawaru.
  1259 | D:3      | Became a worshipper of Beogh the Brigand
  1471 | D:3      | Found a shimmering blue altar of Sif Muna.
  1471 | D:3      | Found a shadowy altar of Dithmenos.
  1492 | D:3      | Found a faded altar of an unknown god.
  1494 | D:3      | Found a faded altar of an unknown god.
  1496 | D:3      | Found a blossoming altar of Fedhas.
  1567 | D:4      | Reached XP level 5. HP: 11/46 MP: 5/5
  1567 | D:4      | Slain by a gnoll

Illustrated notes

Levels and vault maps discovered:
D:1:      dpeg_arrival_tiny_i, layout_basic, serial_park_tiny_pond,
          chequers_serial_rivers_room_a
D:2:      layout_rooms, shapermc_ecumenical_altar_acropolis, serial_shops, shop,
          nicolae_shop_rolling_square, shop, shop,
          nicolae_shop_advertising_works [nicolae_subvault_shop_adworks]
D:3:      layout_rooms, nicolae_vehumet_radiance,
          chequers_temple_overflow_minitemple, okawaru_gym_becter
D:4:      minmay_bubble_buster, layout_cave_pods, gup_ossuary_entry_pyramid,
          nicolae_hexahallways

Skill      XL: |  1  2  3  4 |
---------------+-------------+-----
Axes           | 3 4 |  4.9
Fighting       | 4 |  4.2
Armour         | 4 |  4.0
Dodging        | |  0.4
Stealth        | |  0.2
Shields        | |  3.7

Action                     |  1- 3 |  4- 6 || total
---------------------------+-------+-------++-------
  Melee: War axe           |    95 |    51 ||   146
 Invoke: Convert to Beogh  |       |     1 ||     1
    Use: Potion            |       |     1 ||     1
 Armour: Scale mail        |    59 |    26 ||    85
  Dodge: Dodged            |    57 |    28 ||    85
  Block: Buckler           |    26 |    17 ||    43

Table legend: (Time is in decaauts)
 A = Elapsed time spent in this place.
 B = Non-inter-level travel time spent in this place.
 C = Inter-level travel time spent in this place.
 D = Time resting spent in this place.
 E = Time spent auto-exploring this place.
 F = Levels seen in this place.
 G = Mean time per level.
                   A        B        C        D        E       F      G
               +--------+--------+--------+--------+--------+-----+--------+
         Total |   1616 |   1535 |     81 |      0 |   1148 |   4 |  404.0 |
       Dungeon |   1616 |   1535 |     81 |      0 |   1148 |   4 |  404.0 |
               +--------+--------+--------+--------+--------+-----+--------+

Top non-repeatable levels by time:
     D:2: 579 daAuts
     D:1: 545 daAuts
     D:3: 473 daAuts
     D:4: 18 daAuts
